 Dungeon Crawl Stone Soup version 0.19.4-10-g532645f (webtiles) character file.

134117 Rrauwl the Severer (level 16, -19/128 HPs)
             Began as a Minotaur Abyssal Knight on Feb 24, 2017.
             Was the Champion of Lugonu.
             Demolished by a golden dragon simulacrum (23 damage)
             ... in an ice cave.
             The game lasted 02:40:37 (27000 turns).

Rrauwl the Severer (Minotaur Abyssal Knight)       Turns: 27000, Time: 02:40:38

Health: -19/128    AC: 33    Str: 21    XL:     16   Next: 61%
Magic:  0/22       EV: 16    Int: 10    God:    Lugonu [******]
Gold:   2286       SH:  0    Dex: 12    Spells: 0 memorised, 15 levels left

rFire  + . .     SeeInvis .     j - +3 battleaxe (elec)
rCold  + . .     Gourm    .     m - +5 plate armour {rPois}
rNeg   . . .     Faith    .     (shield currently unavailable)
rPois  +         Spirit   +     p - +1 hat
rElec  +         Reflect  .     y - +0 cloak
rCorr  +         Harm     .     g - +2 pair of gloves
MR     +....                    f - +2 pair of boots
Stlth  ..........               G - amulet of guardian spirit
                                R - ring of resist corrosion
                                i - +4 ring of evasion

@: resistant, drained
A: retaliatory headbutt, horns 2, yellow scales 1, mutation resistance 1
a: Depart the Abyss, Bend Space, Banish, Corrupt, Enter the Abyss, Brand Weapon
With Distortion, Renounce Religion


You were in an ice cave.
You worshipped Lugonu.
Lugonu was exalted by your worship.
You were not hungry.

You visited 4 branches of the dungeon, and saw 22 of its levels.
You visited the Abyss 2 times.
You also visited: Ice Cave.

You collected 2972 gold pieces.
You spent 686 gold pieces at shops.

Inventory:

Hand Weapons
 j - a +3 battleaxe of electrocution (weapon)
 l - a +3 dire flail of holy wrath
 A - the +1 trident of Thoughtfulness {pierce, rElec rF++ rC- SInv}
   (You found it on level 2 of the Elven Halls)

   It inflicts extra damage upon your enemies.
   It greatly protects you from fire.
   It makes you vulnerable to cold.
   It insulates you from electricity.
   It lets you see invisible.
Missiles
 e - 26 tomahawks (quivered)
Armour
 f - a +2 pair of boots (worn)
 g - a +2 pair of gloves (worn)
 h - a +0 large shield
 m - a +5 plate armour of poison resistance (worn)
 p - a +1 hat (worn)
 y - a +0 cloak (worn)
Jewellery
 i - a +4 ring of evasion (left hand)
 G - an amulet of guardian spirit (around neck)
 R - a ring of resist corrosion (right hand)
Wands
 d - a wand of heal wounds (9/9)
 k - a wand of lightning (9/15)
 o - a wand of acid (9/15)
 s - a wand of hasting (3/9)
 B - a wand of disintegration (14/24)
 D - a wand of acid (5/15)
 T - a wand of iceblast (10/15)
Scrolls
 a - 5 scrolls of fog
 b - 3 scrolls of fear
 n - 6 scrolls of teleportation
 r - 4 scrolls of recharging
 t - a scroll of summoning
 u - 8 scrolls of remove curse
 v - 10 scrolls of identify
 C - a scroll of amnesia
Potions
 q - 2 potions of cancellation
 w - 6 potions of curing
 P - a potion of resistance
Miscellaneous
 z - a lamp of fire
Comestibles
 c - 12 chunks of flesh
 x - a slice of pizza
 I - 3 beef jerkies


   Skills:
 - Level 8.1(8.0) Fighting
 + Level 19.8(19.9) Axes
 - Level 6.2(14.4) Maces & Flails
 - Level 5.4(5.2) Throwing
 + Level 14.2(14.1) Armour
 + Level 13.2(13.1) Dodging
 - Level 4.0(3.9) Stealth
 + Level 9.8(9.7) Shields
 - Level 10.0(9.9) Invocations
 - Level 6.0(5.8) Evocations


You had 15 spell levels left.
You didn't know any spells.

Dungeon Overview and Level Annotations

Branches:
Dungeon (12/15)            Temple (0/1) D:5            Lair (6/6) D:9
  Swamp (0/4) Lair:3        Snake (0/4) Lair:2        Slime (0/5) Lair:6
    Orc (2/2) D:12            Elf (2/3) Orc:2

Altars:
Ashenzari
Dithmenos
Fedhas
Kikubaaqudgha
Nemelex Xobeh
Okawaru
Ru
Trog
Xom
Zin
Beogh
Jiyva

Shops:
D:8 %   Orc:2 *[:(

Portals:
Trove: Elf:1 (give 12 scrolls of teleportation)


Innate Abilities, Weirdness & Mutations

You reflexively headbutt those who attack you in melee.
You have a pair of horns on your head.
You are partially covered in yellow scales. (AC +2)
You are somewhat resistant to further mutation.


Message History

You headbutt the golden dragon simulacrum.
The golden dragon simulacrum is moderately damaged.
You are engulfed in freezing vapours.
The golden dragon simulacrum bites you.
The golden dragon simulacrum freezes you!!
The golden dragon simulacrum claws you but does no damage.
The golden dragon simulacrum tramples you but does no damage.
Okay, then.
You feel protected.
You are engulfed in freezing vapours.
You resist. The golden dragon simulacrum bites you!
* * * LOW HITPOINT WARNING * * *
The golden dragon simulacrum freezes you!!
You resist.
* * * LOW HITPOINT WARNING * * *
The golden dragon simulacrum claws you but does no damage.
The golden dragon simulacrum tramples you!
* * * LOW HITPOINT WARNING * * *
The golden dragon simulacrum freezes you!!
You resist.
You die...

## ##§# ##§§§##
#§§§Z§## ###
#§§§#§#@§###.####
. #§
##§§§.....### #
###.....∩..##
##.#....∩.#
#######..# ###


You could see a golden dragon simulacrum.

Vanquished Creatures
  Rupert (D:12)
  Donald (Orc:2)
  A deep elf sorcerer (Elf:1)
  An orc warlord (Orc:2)
  A deep elf elementalist (Abyss:1)
  2 entropy weavers (Lair:4)
  Azrael (Orc:2)
  The ghost of nventous the Bludgeoner, a journeyman MiBe of Trog (Orc:2)
  Snorg (D:11)
  An ettin (D:11)
  Fannar (D:11)
  An ice dragon (Lair:6)
  Harold (Lair:4)
  A rakshasa (Abyss:1)
  8 hydras
  Erica (D:8)
  4 death yaks (Lair:5)
  A queen ant (Lair:4)
  4 orc high priests (Orc:2)
  11 dancing weapons
  Nergalle (Orc:1)
  6 deep elf knights
  An unseen horror (D:10)
  A lindwurm (Lair:6)
  A glowing orange brain (Abyss:1)
  2 wizards (Elf:1)
  5 deep elf archers
  Pikel (D:8)
  17 deep elf magi
  3 hill giants
  5 orc knights
  A wolf spider (Lair:6)
  5 orc sorcerers (Orc:2)
  2 cyclopes (D:12)
  3 ugly things
  26 elephants
  A guardian serpent (Lair:6)
  8 black mambas
  21 spiny frogs
  A torpor snail (Lair:5)
  5 molten gargoyles
  An orange demon (Abyss:1)
  A gargoyle (D:11)
  3 rime drakes
  11 komodo dragons
  An ancient zyme (Abyss:1)
  A troll (shapeshifter) (Elf:1)
  7 hornets
  A meliai (shapeshifter) (Elf:2)
  A polar bear (Lair:4)
  Grinder (D:3)
  A two-headed ogre (D:10)
  A slime creature (Lair:6)
  4 trolls
  19 blink frogs
  Prince Ribbit (D:5)
  18 dream sheep (Lair:6)
  9 hippogriffs
  Sigmund (D:5)
  2 small abominations (Abyss:1)
  3 redbacks (Lair:6)
  4 basilisks
  52 yaks
  A wraith (D:12)
  4 fire elementals
  9 wyverns
  A hungry ghost (D:12)
  5 hell hounds (Orc:2)
  6 soldier ants
  6 wargs
  26 water moccasins
  A sky beast (D:8)
  10 porcupines
  4 black bears
  30 orc warriors
  3 ice beasts
  3 slaves (D:8)
  An eye of draining (D:10)
  8 ogres
  16 wolves
  3 phantoms
  A boggart (Elf:1)
  8 centaurs
  3 necrophages
  13 crocodiles
  5 big kobolds
  10 bullfrogs
  An earth elemental (Elf:1)
  A water moccasin skeleton (D:6)
  2 scorpions
  5 killer bees (D:12)
  An electric eel (Lair:6)
  14 wights
  A howler monkey (D:8)
  3 crimson imps
  3 bullfrog zombies
  16 hounds
  32 orc priests
  4 bullfrog skeletons
  3 centaur skeletons
  4 jellies
  35 orc wizards
  2 gnoll shamans
  6 iguanas
  Terence (D:3)
  26 worker ants
  2 centaur simulacra (IceCv)
  A hound zombie (D:11)
  2 hound skeletons
  22 gnolls
  A howler monkey skeleton (D:3)
  28 adders
  A river rat (D:9)
  4 shadow imps
  5 white imps
  An ufetubus (Abyss:1)
  7 oozes
  An adder zombie (D:9)
  8 worms
  2 dart slugs (D:1)
  5 leopard geckos
  111 orcs
  4 ball pythons
  A giant cockroach (D:4)
  6 goblins
  3 hobgoblins
  11 jackals
  7 quokkas
  13 bats
  6 frilled lizards
  A jackal zombie (D:8)
  8 kobolds
  A leopard gecko skeleton (D:4)
  A quokka skeleton (D:5)
  7 rats
  4 fungi
  4 plants
918 creatures vanquished.

Vanquished Creatures (collateral kills)
  A gargoyle (D:11)
  A two-headed ogre (D:11)
  An iguana (D:11)
3 creatures vanquished.

Vanquished Creatures (others)
  Psyche (D:11)
  A slave (D:8)
  2 orc wizards (Orc:2)
  A worker ant (Lair:6)
  10 fungi
  23 plants
38 creatures vanquished.

Grand Total: 959 creatures vanquished

Notes
Turn   | Place    | Note
-------+----------+-------------------------------------------
     0 | Abyss:1  | Rrauwl the Minotaur Abyssal Knight began the quest for the Orb.
     0 | Abyss:1  | Reached XP level 1. HP: 19/19 MP: 1/1
    35 | Abyss:2  | Found a corrupted altar of Lugonu.
    91 | Abyss:3  | Noticed a demonic crawler
    98 | Abyss:3  | Noticed a sixfirhy
    99 | D:1      | Escaped the Abyss
   720 | D:1      | Reached XP level 2. HP: 27/27 MP: 2/2
   988 | D:2      | Reached * piety under Lugonu
   996 | D:2      | Reached XP level 3. HP: 15/33 MP: 3/3
  1068 | D:2      | Reached skill level 1 in Throwing
  1068 | D:2      | Reached skill level 1 in Stealth
  1397 | D:2      | Reached skill level 3 in Axes
  1397 | D:2      | Reached XP level 4. HP: 40/40 MP: 4/4
  1654 | D:3      | Noticed Grinder
  1801 | D:3      | Paralysed by Grinder for 3 turns
  1805 | D:3      | Killed Grinder
  1805 | D:3      | Reached skill level 4 in Axes
  1805 | D:3      | Reached skill level 1 in Evocations
  1805 | D:3      | Reached XP level 5. HP: 11/46 MP: 4/6
  1805 | D:3      | Reached XP level 6. HP: 13/52 MP: 4/7
  2062 | D:3      | Noticed Terence
  2073 | D:3      | Killed Terence
  2100 | D:3      | Reached ** piety under Lugonu
  2776 | D:4      | Reached XP level 7. HP: 17/59 MP: 8/8
  3322 | D:4      | Reached skill level 5 in Axes
  3428 | D:4      | Reached *** piety under Lugonu
  3629 | D:4      | Reached skill level 5 in Armour
  3629 | D:4      | Reached XP level 8. HP: 50/66 MP: 10/10
  3805 | D:5      | Entered Level 5 of the Dungeon
  3817 | D:5      | Found a staircase to the Ecumenical Temple.
  3981 | D:5      | Noticed Prince Ribbit
  4003 | D:5      | Killed Prince Ribbit
  4003 | D:5      | Reached skill level 5 in Fighting
  4003 | D:5      | Reached skill level 6 in Axes
  4003 | D:5      | Reached skill level 5 in Dodging
  4225 | D:5      | Noticed Sigmund
  4284 | D:5      | Killed Sigmund
  4304 | D:5      | Found a blossoming altar of Fedhas.
  4566 | D:5      | Found a shadowy altar of Dithmenos.
  5301 | D:6      | Reached XP level 9. HP: 66/75 MP: 11/11
  5322 | D:6      | Reached skill level 7 in Axes
  5326 | D:6      | Reached **** piety under Lugonu
  5384 | D:6      | Gained mutation: You are partially covered in rugged brown scales. (AC +1, +3% HP) [potion of mutation]
  5384 | D:6      | Gained mutation: You are somewhat resistant to further mutation. [potion of mutation]
  5384 | D:6      | Gained mutation: Your spells are a little easier to cast, but a little less powerful. [potion of mutation]
  5979 | D:7      | Found a sacrificial altar of Ru.
  6415 | D:7      | Found a shimmering altar of Xom.
  6416 | D:7      | Found a shattered altar of Ashenzari.
  6439 | D:7      | Found an iron altar of Okawaru.
  6439 | D:7      | Found a bloodstained altar of Trog.
  6452 | D:7      | Found an ancient bone altar of Kikubaaqudgha.
  6600 | D:8      | Found a sparkling altar of Nemelex Xobeh.
  6600 | D:8      | Found Nefulegh's Food Shoppe.
  6604 | D:8      | Reached skill level 8 in Axes
  6606 | D:8      | Reached ***** piety under Lugonu
  6627 | D:8      | Reached XP level 10. HP: 88/88 MP: 12/12
  6686 | D:8      | Lost mutation: Your spells are a little easier to cast, but a little less powerful. [mutagenic meat]
  6688 | D:8      | Gained mutation: Armour fits poorly on your strangely shaped body. [mutagenic meat]
  6690 | D:8      | Lost mutation: You are somewhat resistant to further mutation. [potion of cure mutation]
  6690 | D:8      | Lost mutation: You are partially covered in rugged brown scales. (AC +1, +3% HP) [potion of cure mutation]
  6690 | D:8      | Lost mutation: Armour fits poorly on your strangely shaped body. [potion of cure mutation]
  6724 | D:8      | Noticed Pikel
  6783 | D:8      | Killed Pikel
  6783 | D:8      | Reached skill level 5 in Throwing
  6812 | D:8      | Noticed Erica
  6872 | D:8      | Killed Erica
  6872 | D:8      | Reached skill level 9 in Axes
  6872 | D:8      | Reached skill level 5 in Invocations
  7341 | D:8      | Found a glowing silver altar of Zin.
  7705 | D:9      | Reached skill level 10 in Axes
  7738 | D:9      | Reached XP level 11. HP: 30/94 MP: 15/15
  7761 | D:9      | Reached skill level 11 in Axes
  7796 | D:9      | Found a staircase to the Lair.
  8772 | D:10     | Entered Level 10 of the Dungeon
  8914 | D:10     | Found a bloodstained altar of Trog.
  8925 | D:10     | Reached skill level 12 in Axes
  8986 | D:10     | Reached ****** piety under Lugonu
  9066 | D:10     | Reached skill level 13 in Axes
  9066 | D:10     | Reached skill level 10 in Invocations
  9066 | D:10     | Reached XP level 12. HP: 101/101 MP: 16/18
  9108 | D:10     | Reached skill level 14 in Axes
  9258 | D:10     | Noticed a five-headed hydra
  9267 | D:10     | Killed a six-headed hydra
  9686 | D:11     | Noticed a seven-headed hydra
  9886 | D:11     | Reached skill level 15 in Axes
  9924 | D:11     | Noticed Psyche
  9933 | D:11     | Killed Psyche
 10084 | D:11     | Noticed Snorg
 10099 | D:11     | Killed Snorg
 10177 | D:11     | Gained mutation: You are somewhat resistant to further mutation. [mutagenic meat]
 10237 | D:11     | Noticed Fannar
 10267 | D:11     | Killed Fannar
 10267 | D:11     | Reached skill level 16 in Axes
 10645 | D:11     | Reached XP level 13. HP: 107/107 MP: 19/19
 10697 | D:11     | Noticed an ettin
 10703 | D:11     | Killed an ettin
 11013 | D:11     | Reached skill level 5 in Maces & Flails
 11243 | D:12     | Noticed Rupert
 11263 | D:12     | Killed Rupert
 12256 | D:12     | Found a staircase to the Orcish Mines.
 12462 | D:12     | Paralysed by a hornet for 3 turns
 13188 | Lair:1   | Entered Level 1 of the Lair of Beasts
 13777 | Lair:1   | Got a twisted ring mail
 13788 | Lair:1   | Identified the cursed +1 ring mail "Meohac" {Int+3} (You found it on level 1 of the Lair of Beasts)
 13923 | Lair:1   | Reached skill level 17 in Axes
 14260 | Lair:1   | Identified Athuq's Collected Works on Clay and Beguiling
 14844 | Lair:2   | Found a staircase to the Snake Pit.
 15006 | Lair:2   | Reached skill level 5 in Evocations
 15440 | Lair:3   | Found a staircase to the Swamp.
 16416 | Lair:4   | Reached XP level 14. HP: 113/115 MP: 20/20
 16537 | Lair:4   | Noticed an entropy weaver
 16561 | Lair:4   | Killed an entropy weaver
 16561 | Lair:4   | Reached skill level 10 in Armour
 16562 | Lair:4   | Gained mutation: You are partially covered in yellow scales. (AC +2) [potion of beneficial mutation]
 16675 | Lair:4   | Noticed an entropy weaver
 16682 | Lair:4   | Killed an entropy weaver
 17249 | Lair:4   | Noticed Harold
 17277 | Lair:4   | Killed Harold
 19137 | Lair:5   | Reached skill level 10 in Dodging
 19277 | Lair:5   | Reached skill level 18 in Axes
 19649 | Lair:6   | Entered Level 6 of the Lair of Beasts
 19680 | Lair:6   | Reached skill level 1 in Shields
 19825 | Lair:6   | Found a staircase to the Slime Pits.
 19829 | Lair:6   | Found a viscous altar of Jiyva.
 20442 | Lair:6   | Reached XP level 15. HP: 121/121 MP: 21/21
 21080 | Lair:6   | Reached skill level 5 in Shields
 22506 | Abyss:1  | Found a corrupted altar of Lugonu.
 22523 | Abyss:1  | Found a corrupted altar of Lugonu.
 22525 | Abyss:1  | Found a corrupted altar of Lugonu.
 22651 | Abyss:1  | Noticed an ancient lich
 22652 | Lair:1   | Escaped the Abyss
 22774 | Orc:1    | Entered Level 1 of the Orcish Mines
 22972 | Orc:1    | Noticed Nergalle
 22989 | Orc:1    | Killed Nergalle
 22989 | Orc:1    | Reached skill level 19 in Axes
 23096 | Orc:2    | Entered Level 2 of the Orcish Mines
 23454 | Orc:2    | Noticed Azrael
 23480 | Orc:2    | Killed Azrael
 23785 | Orc:2    | Found a roughly hewn altar of Beogh.
 23832 | Orc:2    | Found a staircase to the Elven Halls.
 23863 | Orc:2    | Noticed Donald
 23884 | Orc:2    | Killed Donald
 23963 | Orc:2    | Noticed nventous's ghost (journeyman MiBe)
 23994 | Orc:2    | Killed nventous's ghost
 24223 | Orc:2    | Noticed an orc warlord
 24294 | Orc:2    | Killed an orc warlord
 24294 | Orc:2    | Reached XP level 16. HP: 78/128 MP: 14/22
 25007 | Orc:2    | Found Essanuph's General Store.
 25008 | Orc:2    | Found Ygiucim's Book Shoppe.
 25009 | Orc:2    | Found Huantup's Antique Armour Shoppe.
 25009 | Orc:2    | Found Raoruch's Antique Weapon Emporium.
 25033 | Orc:2    | Bought a distressingly furry scale mail for 279 gold pieces
 25033 | Orc:2    | Bought a pair of embroidered boots for 325 gold pieces
 25043 | Orc:2    | Identified the +0 scale mail "Populuru" {rPois MR+} (You bought it in a shop on level 2 of the Orcish Mines)
 25108 | Orc:2    | Bought a scroll of enchant weapon for 82 gold pieces
 25416 | Elf:1    | Entered Level 1 of the Elven Halls
 26691 | Elf:1    | Found a portal to a secret trove of treasure.
 26815 | Elf:2    | Got a crystal trident
 26816 | Elf:2    | Identified the +1 trident of Thoughtfulness {pierce, rElec rF++ rC- SInv} (You found it on level 2 of the Elven Halls)
 26885 | Elf:2    | Found a frozen archway.
 26972 | IceCv    | Entered an ice cave
 27000 | IceCv    | HP: 4/128 [golden dragon simulacrum (7)]
 27000 | IceCv    | Demolished by a golden dragon simulacrum

Skill      XL: |  1  2  3  4  5  6  7  8  9 10 11 12 13 14 15 16 |
---------------+-------------------------------------------------+-----
Invocations    | 2 3 4 7 10 | 10.0
Fighting       | 4 6 7 8 |  8.1
Throwing       | 1 2 4 5 |  5.4
Stealth        | 1 4 |  4.0
Armour         | 3 4 5 6 7 8 9 11 13 14 | 14.2
Axes           | 3 4 5 6 8 10 13 16 17 18 19 | 19.8
Dodging        | 3 4 5 7 8 10 12 13 | 13.2
Evocations     | 1 2 3 5 6 |  6.0
Maces & Flails | 3 6 |  6.2
Shields        | 3 8 9 |  9.8

Action                   |  1- 3 |  4- 6 |  7- 9 | 10-12 | 13-15 | 16-18 || total
-------------------------+-------+-------+-------+-------+-------+-------++-------
Melee: Hand axe          |    57 |   144 |   514 |       |       |       ||   715
       Headbutt          |    12 |    20 |    99 |    93 |   321 |    49 ||   594
       Battleaxe         |       |       |    21 |   492 |  1491 |   359 ||  2363
       Whip              |       |       |       |       |    63 |       ||    63
Throw: Tomahawk          |       |       |       |    10 |       |       ||    10
Invok: Depart the Abyss  |     1 |       |       |       |     1 |       ||     2
       Enter the Abyss   |       |       |       |       |     1 |       ||     1
Evoke: Wand              |       |       |     1 |    11 |     2 |       ||    14
  Use: Potion            |     6 |     2 |     5 |     7 |    14 |     1 ||    35
       Scroll            |     8 |     5 |     6 |     7 |    13 |     3 ||    42
 Stab: Distracted        |       |       |       |       |       |     1 ||     1
  Eat: Chunk             |     1 |     3 |    13 |    17 |    32 |     4 ||    70
       Beef jerky        |       |     1 |     1 |     1 |     1 |     1 ||     5
       Pizza             |       |       |       |     1 |     1 |       ||     2
       Fruit             |       |       |       |       |     4 |     4 ||     8
       Bread ration      |       |       |       |       |     2 |       ||     2
       Meat ration       |       |       |       |       |     1 |       ||     1
Armor: Leather armour    |     3 |       |       |       |       |       ||     3
       Ring mail         |    25 |       |       |       |       |       ||    25
       Plate armour      |       |   106 |   268 |   225 |   780 |   139 ||  1518
       Skin              |       |       |       |       |    27 |       ||    27
Dodge: Dodged            |    34 |    37 |   259 |   285 |   969 |   170 ||  1754
